 Dungeon Crawl Stone Soup version 0.30-a0-924-g0ad0bf95bc (webtiles) character file.

Game seed: 14013516232392890549

496352 jasper the Rapturous (level 23, -61/182 (184) HPs)
             Began as a Demonspawn Wanderer on Mar 22, 2023.
             Was a High Priest of Uskayaw.
             Killed from afar by an ancient lich (97 damage)
             ... with a crystal spear
             ... on level 4 of the Vaults.
             The game lasted 02:06:48 (60154 turns).

jasper the Rapturous (Demonspawn Wanderer)         Turns: 60154, Time: 02:06:49

HP:   -61/182 (184) AC: 34    Str: 18    XL:     23   Next: 97%
MP:   0/37          EV: 27    Int: 13    God:    Uskayaw [*****.]
Gold: 1928          SH: 12    Dex: 29    Spells: 5/26 levels left

rFire   + + +      SeeInvis .    j - +8 quick blade (flame)
rCold   + + +      Faith    .    v - +1 buckler {rN+}
rNeg    + . .      Spirit   +    d - +6 ice dragon scales
rPois   +          Reflect  .    b - +1 helmet
rElec   .          Rampage  +    D - scarf {rC+ rF+}
rCorr   +                        X - +1 pair of gloves of Purpose {Str+2}
Will    +++..                    (boots unavailable)
Stlth   +++++++                  x - amulet of the Keeping Gods {Spirit Rampage Fragile rPois rF+++}
HPRegen 0.50/turn                w - ring of resist corrosion
MPRegen 0.25/turn                u - ring of Impatience {Will+ Str+2 Dex+6}

@: lightly drained
A: hooves 3, icemail 2, torment resistance 1, sturdy frame 3, condensation
shield, demonic magic 1, demonic willpower
}: 2/15 runes: barnacled, gossamer
a: Renounce Religion, Stomp, Line Pass, Grand Finale


You were on level 4 of the Vaults.
You worshipped Uskayaw.
Uskayaw was greatly pleased with you.
You visited 9 branches of the dungeon, and saw 43 of its levels.
You also visited: Ice Cave and Wizlab.

You collected 7664 gold pieces.
You spent 5736 gold pieces at shops.

Inventory:

Hand Weapons
 j - a +8 quick blade of flaming (weapon)
 Z - a +1 antimagic short sword
Missiles
 h - 3 silver javelins
 o - 4 curare-tipped darts
 Q - 5 throwing nets
 W - 30 javelins
Armour
 b - a +1 helmet (worn)
 d - +6 ice dragon scales (worn)
 e - a +1 cloak of preservation
 v - a +1 buckler of positive energy (worn)
 D - a scarf of resistance (worn)
 H - a scarf of repulsion
 X - the +1 pair of gloves of Purpose (worn) {Str+2}
   (You acquired it on level 10 of the Dungeon)

   Str:       It affects your strength (+2).
Jewellery
 u - the ring of Impatience (right hand) {Will+ Str+2 Dex+6}
   (You bought it in a shop on level 2 of the Orcish Mines)

   [ring of dexterity]

   Str:       It affects your strength (+2).
   Dex:       It affects your dexterity (+6).
   Will:      It increases your willpower.
 w - a ring of resist corrosion (left hand)
 x - the amulet of the Keeping Gods (around neck) {Spirit Rampage Fragile rPois rF+++}
   (You found it on level 5 of the Dungeon)

   [amulet of guardian spirit]

   It causes incoming damage to be divided between your reserves of health and
   magic.
   rF:        It renders you almost immune to fire.
   rPois:     It protects you from poison.
   Fragile:   It will be destroyed if unequipped.
   Rampage:   It bestows one free step when moving towards enemies.
 S - a ring of protection from cold
Wands
 n - a wand of flame (14)
 t - a wand of mindburst (32)
 B - a wand of acid (20)
 C - a wand of paralysis (34)
 G - a wand of roots (54)
 I - a wand of polymorph (33)
 L - a wand of digging (13)
Scrolls
 g - 6 scrolls of immolation
 i - 6 scrolls of poison
 l - 3 scrolls of summoning
 s - 3 scrolls of blinking
 y - 7 scrolls of vulnerability
 A - 12 scrolls of fog
 M - 8 scrolls of teleportation
 N - 13 scrolls of identify
 T - 4 scrolls of fear
 Y - 3 scrolls of silence
Potions
 c - 6 potions of mutation
 k - 3 potions of cancellation
 m - 25 potions of curing
 q - 12 potions of flight
 r - 5 potions of invisibility
 E - 4 potions of magic
 F - 10 potions of haste
 J - 8 potions of ambrosia
 V - 4 potions of might
Miscellaneous
 a - a tin of tremorstones (2/2)
 f - a phantom mirror
 p - a lightning rod (4/4)
 K - a box of beasts
 O - a condenser vane (inert)


   Skills:
 - Level 16.0 Fighting
 - Level 10.0 Short Blades
 - Level 1.0 Throwing
 - Level 15.3 Armour
 - Level 15.3 Dodging
 - Level 16.1 Stealth
 - Level 4.0 Shields
 - Level 2.0 Spellcasting
 + Level 15.6 Summonings
 + Level 14.7 Translocations
 - Level 8.1 Transmutations
 - Level 20.0 Invocations
 - Level 13.4 Evocations


You had 5 spell levels left.
You knew the following spells:

 Your Spells              Type           Power      Damage    Failure   Level
a - Apportation           Tloc           78%        N/A       1%          1
b - Wereblood             Tmut           22%        N/A       2%          2
c - Passwall              Tmut/Erth      9%         N/A       12%         2
d - Dazzling Flash        Conj/Hex       2%         N/A       75%         3
e - Malign Gateway        Summ/Tloc      20%        N/A       54%         7
f - Blink                 Tloc           78%        N/A       1%          2
g - Manifold Assault      Tloc           39%        N/A       1%          4

Your spell library contained the following spells:

 Spells                   Type           Power      Damage    Failure   Level
 Beastly Appendage        Tmut           44%        N/A       1%          1
 Summon Small Mammal      Summ           100%       N/A       1%          1
 Call Canine Familiar     Summ           42%        N/A       1%          3
 Gell's Gravitas          Tloc           39%        N/A       1%          3
 Teleport Other           Tloc           39%        N/A       1%          3
 Summon Guardian Golem    Hex/Summ       21%        N/A       4%          3
 Vhi's Electric Charge    Tloc/Air       40%        N/A       6%          3
 Sting                    Tmut/Pois      44%        1d5       8%          1
 Kindle Blastsparks       Fire/Tloc/Air  28%        2d12      16%         3
 Summon Ice Beast         Ice/Summ       21%        N/A       16%         4
 Summon Lightning Spire   Summ/Air       21%        N/A       16%         4
 Spider Form              Tmut/Pois      11%        N/A       22%         3
 Foxfire                  Conj/Fire      4%         2x1d4     36%         1
 Ignite Poison            Fire/Tmut/Pois 8%         N/A       36%         3
 Blade Hands              Tmut           11%        N/A       36%         5
 Cigotuvi's Dreadful Rot  Necr/Pois/Air  2%         N/A       52%         2
 Ensorcelled Hibernation  Hex/Ice        2%         N/A       52%         2
 Poisonous Vapours        Pois/Air       2%         N/A       52%         2
 Scorch                   Fire           2%         2d5       52%         2
 Static Discharge         Conj/Air       2%         2-3/arc   52%         2
 Ice Form                 Ice/Tmut       11%        N/A       58%         4
 Petrify                  Tmut/Erth      11%        N/A       58%         4
 Frozen Ramparts          Ice            2%         1d1       75%         3
 Inner Flame              Hex/Fire       1%         N/A       75%         3
 Mephitic Cloud           Conj/Pois/Air  1%         N/A       75%         3
 Ozocubu's Armour         Ice            1%         N/A       75%         3
 Alistair's Intoxication  Tmut/Pois      7%         N/A       91%         5
 Airstrike                Air            0%         2d(1-17)  98%         4
 Anguish                  Hex/Necr       0%         N/A       98%         4
 Animate Dead             Necr           1%         N/A       98%         4
 Flame Wave               Conj/Fire      1%         2d4       98%         4
 Sticky Flame             Conj/Fire      1%         2d3       98%         4
 Agony                    Necr           1%         N/A       100%        5
 Arcjolt                  Conj/Air       0%         1d10      100%        5
 Borgnjor's Vile Clutch   Necr/Erth      0%         N/A       100%        5
 Fireball                 Conj/Fire      0%         3d3       100%        5
 Freezing Cloud           Conj/Ice/Air   0%         6-21      100%        5
 Iskenderun's Battlesphe  Conj           1%         2d6       100%        5
 Metabolic Englaciation   Hex/Ice        0%         N/A       100%        5
 Plasma Beam              Fire/Air       0%         2x1d11    100%        5
 Silence                  Hex/Air        0%         N/A       100%        5
 Summon Cactus Giant      Summ           21%        N/A       10%         6
 Dispersal                Tloc           19%        N/A       14%         6
 Disjunction              Tloc           19%        N/A       99%         8
 Summon Horrible Things   Summ           21%        N/A       99%         8
 Conjure Ball Lightning   Conj/Air       0%         3x3d6     100%        6
 Death Channel            Necr           0%         N/A       100%        6
 Simulacrum               Ice/Necr       0%         N/A       100%        6
 Starburst                Conj/Fire      0%         6d3       100%        6
 Statue Form              Tmut/Erth      7%         N/A       100%        6
 Enfeeble                 Hex            0%         N/A       100%        7
 Orb of Destruction       Conj           0%         9d5       100%        7
 Ozocubu's Refrigeration  Ice            0%         4d7       100%        7
 Storm Form               Tmut/Air       5%         N/A       100%        7
 Discord                  Hex            0%         N/A       100%        8
 Ignition                 Fire           0%         3d3       100%        8
 Polar Vortex             Ice            0%         N/A       100%        9


Dungeon Overview and Level Annotations

Branches:
Dungeon (15/15)            Temple (1/1) D:6            Lair (5/5) D:11
 Shoals (4/4) Lair:3       Spider (4/4) Lair:3        Slime (0/5) Lair:4
    Orc (2/2) D:10            Elf (3/3) Orc:2        Vaults (5/5) D:13
  Crypt (0/3) Vaults:3     Depths (4/4) D:15            Zot (0/5) Depths:4
  IceCv (visited)          WizLab (visited)

Altars:
Ashenzari
Cheibriados
Dithmenos
Fedhas
Gozag
Hepliaklqana
Kikubaaqudgha
Makhleb
Nemelex Xobeh
Okawaru
Qazlal
Ru
Sif Muna
Trog
Uskayaw
Vehumet
Wu Jian
Xom
Yredelemnul
Jiyva

Shops:
D:4 *   D:7 (   Orc:1 !   Orc:2 [(![=   Elf:1 **((*   Elf:3 (   Shoals:2 *
Vaults:2 (   Vaults:4 ?   Depths:1 *

Portals:
Hell: Depths:2 Depths:3 Depths:4
Abyss: Depths:3
Pandemonium: Depths:2
Ziggurat: Depths:2
Trove: D:14 (give 5 scrolls of blinking)

Annotations:
Spider:1 3 runed translucent doors, Jufurghi's ghost, adept OpTm; Kilowitz's ghost, journeyman MiFi
Elf:1 3 runed translucent doors, SprigganGuy's ghost, adept SpHu
Depths:1 exclusion: 2 doors


Innate Abilities, Weirdness & Mutations

You have hooves in place of feet.
A meltable icy envelope protects you from harm. (AC +8)
You are resistant to unholy torment.
Your movements are significantly less encumbered by armour. (ER -6)
A meltable shield of frost defends you. (SH +4)
Spells you cast may paralyse adjacent enemies.
You punish those that try to bend your will. (Will+)


Message History

The ancient lich is almost destroyed.
You hit the ancient lich but do no damage.
Your kick misses the ancient lich.
The ancient lich is almost destroyed.
The ancient lich touches you but does no damage.
You hit the ancient lich but do no damage.
Your kick misses the ancient lich.
The ancient lich is almost destroyed.
You don't have enough magic at the moment.
You hit the ancient lich. Your kick misses the ancient lich.
The ancient lich is almost destroyed.
The ancient lich points at you and mumbles some strange words.
The bolt of acid misses you.
You hit the ancient lich but do no damage.
You kick the ancient lich.
The ancient lich is almost destroyed.
You hit the ancient lich. You burn the ancient lich.
Your kick misses the ancient lich.
The ancient lich is almost destroyed.
The ancient lich is engulfed in blazing flames.
The ancient lich gestures wildly while chanting.
The ancient lich flickers and vanishes!
Deactivating autopickup; reactivate with Ctrl-A.
Really walk into that cloud of flame?
Okay, then.
You hit something. Your kick misses something.
Something touches you but does no damage.
You hit something but do no damage. Your kick misses something.
You miss something. You kick something. You block something's attack.
You feel better.
You hear some strange, mumbled words.
A bolt of acid appears from out of thin air!
The bolt of acid misses you.
You regained 11 hp, and now have 29/182 hp.
You feel better.
You hear some strange, mumbled words.
A crystal spear appears from out of thin air!
The crystal spear hits you!!!!
Ouch! That really hurt!
You die...

..#####.....####
..##...#...#...##
..'....†###)....# #
####...#...#...## # ####.....####
# ##...## # ##########'######## #
......# #..'..)§°# # ......#
#..#..#@{# # ......# #..#..#§§# #
......# #.##..##.# ### ......#
###...[### #.# ......# #........#
#.# ##'#'#####........# #..
.........###....############# #..
.........#.##^.##.#.........###..
###.###..#..#..#..#.#######..##..


There were no monsters in sight!

Vanquished Creatures
  Boris (Vaults:3)
  Margery (Vaults:3)
  Frederick (Vaults:3)
  2 bone dragons (Depths:4)
  Arachne (Spider:4)
  Jorgrun (Shoals:2)
  3 titans
  2 deep elf blademasters (Elf:3)
  5 deep elf master archers
  A kraken (Shoals:2)
  2 sphinxes
  Polyphemus (Shoals:2)
  Kirke (D:13)
  The ghost of AverageBear the Severer, an adept OpFi of Gozag (Spider:4)
  A shadow dragon (Depths:4)
  A tengu reaver (Vaults:4)
  3 storm dragons
  A thorn hunter (WizLab)
  5 frost giants
  7 fire giants
  3 fenstrider witches (WizLab)
  3 deep elf sorcerers
  11 emperor scorpions
  A balrug (Depths:1)
  12 vault wardens
  8 deep elf elementalists (Elf:3)
  A draconian shifter (Depths:4)
  4 ghost moths
  39 very ugly things
  3 orc warlords
  9 ironbound preservers
  10 stone giants
  2 green draconians (Depths:4)
  A vampire knight (Depths:4)
  2 broodmothers
  Nessos (D:12)
  2 black draconians (Depths:4)
  2 war gargoyles (Vaults:3)
  9 ironbound thunderhulks
  17 dire elephants
  6 spark wasps
  7 deep elf demonologists
  3 eleionomae (WizLab)
  A yellow draconian (Depths:4)
  8 deep elf annihilators
  A white draconian (Depths:4)
  A purple draconian (Depths:4)
  A red draconian (Depths:4)
  11 ettins
  5 entropy weavers
  9 deep elf death magi
  6 fire dragons
  14 merfolk impalers
  A crystal guardian (Vaults:2)
  6 hydras
  7 great orbs of eyes
  12 merfolk javelineers
  2 shambling mangroves (WizLab)
  9 yaktaur captains
  3 deep elf high priests
  6 ice dragons
  3 caustic shrike simulacra (IceCv)
  3 peacekeepers
  2 rakshasas
  30 vault guards
  A spriggan air mage (Depths:2)
  3 catoblepae
  2 ogre magi
  4 two-headed ogres
  3 merfolk avatars
  2 alligator snapping turtles
  2 radroaches (Spider:4)
  30 dancing weapons
  2 merfolk aquamancers
  16 centaur warriors
  7 ironbound frosthearts
  7 boulder beetles
  4 deep troll earth magi
  4 satyrs
  2 tengu warriors
  6 deep troll shamans
  6 death yaks
  25 deep elf knights
  10 hell knights
  3 orc high priests
  3 naga sharpshooters (WizLab)
  4 soul eaters (Depths:1)
  6 spriggan berserkers
  3 sun demons
  Sonja (Orc:2)
  A sixfirhy (Depths:2)
  3 skysharks
  6 iron trolls
  Lodul (D:11)
  A sun moth (Spider:4)
  26 deep trolls
  2 pharaoh ants (Spider:1)
  12 orb spiders
  3 skeletal warriors (D:12)
  A glowing orange brain (shapeshifter) (Depths:2)
  A flayed ghost (Depths:4)
  A glowing orange brain (Depths:1)
  17 deep elf archers
  2 orange crystal statues (IceCv)
  7 sea snakes
  8 lindwurms
  6 orc knights
  10 wizards
  22 harpies
  36 deep elf pyromancers
  24 deep elf zephyrmancers
  6 ironbound convokers
  3 necromancers
  9 steelbarb worms
  41 ugly things
  13 fauns
  21 wolf spiders
  A faun (shapeshifter) (Depths:4)
  A mana viper (shapeshifter) (Vaults:2)
  11 cyclopes
  15 manticores
  6 orc sorcerers
  2 oklob plants (WizLab)
  8 elephants
  An elephant (shapeshifter) (Vaults:4)
  A moth of wrath (Spider:1)
  The ghost of brknglss the Skirmisher, a novice KoHu of Dithmenos (D:8)
  5 black mambas
  5 torpor snails
  8 water nymphs
  19 vault sentinels
  4 centaur zombies (D:11)
  6 merfolk sirens
  3 demonic crawlers
  18 cane toads
  2 unseen horrors (D:8)
  2 smoke demons
  5 orange demons (D:14)
  5 freezing wraiths
  2 kobold demonologists (D:12)
  8 komodo dragons
  4 rime drakes
  35 yaktaurs
  2 anaconda simulacra (IceCv)
  A tormentor (Depths:2)
  4 tengu conjurers
  23 merfolk
  2 ice devils (Depths:2)
  2 red devils (D:14)
  6 trolls
  10 wind drakes
  10 polar bears
  A golden dragon simulacrum (IceCv)
  A hellwing (Depths:2)
  3 meliai (Spider:4)
  A wind drake (shapeshifter) (D:11)
  5 hornets
  5 raiju (Lair:5)
  7 blink frogs
  28 tarantellas
  5 snapping turtles
  7 dream sheep
  41 slime creatures
  A ynoxinul (Depths:2)
  A centaur simulacrum (D:11)
  22 culicivoras
  2 spriggans (Depths:3)
  24 jumping spiders
  A shadow (D:10)
  A spriggan (shapeshifter) (Elf:3)
  2 vampires (D:11)
  5 air elementals
  5 wyverns
  23 water elementals
  3 wraiths
  40 yaks
  3 dire elephant simulacra (IceCv)
  3 hogs (D:13)
  8 basilisks
  2 fire elementals
  71 redbacks
  2 neqoxecs (Depths:2)
  22 vampire mosquitoes
  8 wargs
  A harpy simulacrum (IceCv)
  2 hydra simulacra (IceCv)
  19 water moccasins
  12 hell hounds (Lair:5)
  3 ice beasts (D:6)
  12 black bears
  3 floating eyes
  36 orc warriors
  A sky beast (D:7)
  3 boggarts
  15 ogres
  2 alligator simulacra (IceCv)
  2 ettin simulacra (IceCv)
  5 centaurs (D:13)
  25 wolves
  4 kobold brigands
  17 bullfrogs
  3 scorpions
  2 earth elementals (Elf:3)
  2 lindwurm simulacra (IceCv)
  12 killer bees
  2 howler monkeys
  2 electric eels
  2 hounds
  7 jellies
  3 gnoll boudas
  22 orc priests
  3 sleepcaps
  3 iguanas
  Natasha (twice) (D:2)
  28 orc wizards
  16 gnolls
  8 adders
  2 white imps
  A howler monkey simulacrum (D:8)
  An ufetubus (D:3)
  A worm (D:3)
  3 dart slugs
  85 orcs
  4 endoplasms
  A giant cockroach (D:4)
  4 goblins
  6 hobgoblins
  2 quokkas (D:1)
  8 ball pythons
  6 bats
  3 frilled lizards
  10 kobolds
  3 rats
  A butterfly (Lair:5)
  2 tentacles (Shoals:2)
1790 creatures vanquished.

Vanquished Creatures (collateral kills)
  Mara (Elf:3)
  An angel (Depths:3)
  2 spark wasps (Depths:3)
  A deep troll earth mage (Depths:3)
  A hell knight (Vaults:3)
  An iron troll (Depths:3)
  A deep elf pyromancer (Elf:1)
8 creatures vanquished.

Vanquished Creatures (others)
  A deep elf blademaster (Elf:2)
  A draconian knight (Depths:4)
  A black mamba (Lair:5)
  An air elemental (Shoals:4)
  A water elemental (Elf:2)
  An orc (Orc:1)
  11 fungi
  116 plants
  4 tentacles (Shoals:2)
  6 withered plants (Spider:1)
143 creatures vanquished.

Grand Total: 1941 creatures vanquished

Notes
Turn   | Place    | Note
-------+----------+-------------------------------------------
     0 | D:1      | jasper the Demonspawn Wanderer began the quest for the Orb.
     0 | D:1      | jasper set off with the following items: a +2 short sword,
                  | a +0 helmet, a potion of mutation, a +0 robe; and the
                  | following spell memorised: Apportation; and the following
                  | spells available to memorise: Gell's Gravitas.
     0 | D:1      | Reached XP level 1. HP: 15/15 MP: 3/3
   211 | D:1      | Gained mutation: You have large cloven feet. [demonic
                  | ancestry]
   211 | D:1      | Reached XP level 2. HP: 18/21 MP: 5/5
   657 | D:2      | Reached XP level 3. HP: 21/26 MP: 6/6
   992 | D:2      | Noticed Natasha
   999 | D:2      | Killed Natasha
  1077 | D:2      | Noticed Natasha
  1083 | D:2      | Killed Natasha
  1084 | D:2      | Reached XP level 4. HP: 32/32 MP: 7/7
  1128 | D:3      | Found a basalt altar of Yredelemnul.
  1709 | D:3      | Identified a scroll of acquirement
  1709 | D:3      | Acquired 893 gold pieces
  1798 | D:4      | Gained mutation: Your movements are slightly less
                  | encumbered by armour. (ER -2) [demonic ancestry]
  1798 | D:4      | Reached XP level 5. HP: 37/37 MP: 8/8
  1807 | D:4      | Reached skill level 5 in Short Blades
  2214 | D:4      | Found Puikuroe's General Store.
  2227 | D:4      | Reached XP level 6. HP: 38/43 MP: 9/9
  2862 | D:5      | Entered Level 5 of the Dungeon
  3038 | D:5      | Reached XP level 7. HP: 48/48 MP: 10/10
  3166 | D:5      | Identified the amulet of the Keeping Gods {Spirit Rampage
                  | Fragile rPois rF+++}
  3198 | D:5      | You fall into a shaft and drop 1 floor!
  3418 | D:5      | Found an opulent altar of Gozag.
  4145 | D:6      | Found a staircase to the Ecumenical Temple.
  4153 | Temple   | Entered the Ecumenical Temple
  4159 | Temple   | Became a worshipper of Uskayaw the Reveller
  4176 | D:6      | Reached * piety under Uskayaw
  4178 | D:6      | Reached ** piety under Uskayaw
  4219 | D:6      | Reached XP level 8. HP: 54/54 MP: 11/11
  4299 | D:6      | Found Lisoi's Vocational Training.
  4305 | D:6      | Bought a manual of Invocations for 880 gold pieces
  4788 | D:7      | Found Cale's Antique Weapon Emporium.
  4833 | D:7      | Reached *** piety under Uskayaw
  4836 | D:7      | Reached **** piety under Uskayaw
  5000 | D:7      | Reached skill level 10 in Short Blades
  5040 | D:7      | Reached skill level 1 in Invocations
  5065 | D:7      | Reached skill level 3 in Invocations
  5068 | D:7      | Reached skill level 1 in Armour
  5068 | D:7      | Reached skill level 1 in Dodging
  5068 | D:7      | Reached skill level 1 in Shields
  5068 | D:7      | Reached skill level 4 in Invocations
  5106 | D:7      | Reached skill level 5 in Invocations
  5106 | D:7      | Reached XP level 9. HP: 47/61 MP: 9/12
  5812 | D:8      | Reached skill level 6 in Invocations
  6217 | D:8      | Noticed a boulder beetle
  6236 | D:8      | Killed a boulder beetle
  6237 | D:8      | Reached skill level 8 in Invocations
  6405 | D:8      | Found a runed translucent gate.
  6409 | D:8      | Found a runed translucent gate.
  6409 | D:8      | Found a runed translucent gate.
  6409 | D:8      | Found an opulent altar of Gozag.
  6413 | D:8      | Noticed brknglss's ghost (novice KoHu)
  6672 | D:9      | Found an ornate altar of the Wu Jian Council.
  6928 | D:9      | Found a stormy altar of Qazlal.
  7053 | D:9      | Reached skill level 9 in Invocations
  7063 | D:9      | Gained mutation: You have hoof-like feet. [demonic
                  | ancestry]
  7063 | D:9      | Reached XP level 10. HP: 62/71 MP: 13/17
  7063 | D:9      | Reached ***** piety under Uskayaw
  7112 | D:9      | Reached skill level 10 in Invocations
  7646 | D:9      | Found a hazy altar of Hepliaklqana.
  7696 | D:10     | Entered Level 10 of the Dungeon
  7755 | D:10     | Reached skill level 11 in Invocations
  8067 | D:11     | Found a sparkling altar of Nemelex Xobeh.
  8234 | D:11     | Noticed Lodul
  8244 | D:11     | Killed Lodul
  8245 | D:11     | Reached skill level 12 in Invocations
  8329 | D:11     | Noticed a two-headed ogre
  8335 | D:11     | Reached skill level 5 in Fighting
  8341 | D:11     | Acquired 946 gold pieces
  8354 | D:11     | Killed a two-headed ogre
  8355 | D:11     | Reached skill level 5 in Stealth
  8355 | D:11     | Reached skill level 13 in Invocations
  8355 | D:11     | Gained mutation: You have hooves in place of feet. [demonic
                  | ancestry]
  8355 | D:11     | Reached XP level 11. HP: 79/79 MP: 20/20
  8616 | D:11     | Reached skill level 14 in Invocations
  8775 | D:11     | Found a staircase to the Lair.
  8969 | D:11     | Reached skill level 5 in Armour
  8969 | D:11     | Reached skill level 5 in Dodging
  8985 | D:11     | Reached skill level 15 in Invocations
  9353 | Lair:1   | Entered Level 1 of the Lair of Beasts
  9675 | Lair:1   | Reached skill level 16 in Invocations
 10493 | Lair:2   | Gained mutation: Your movements are less encumbered by
                  | armour. (ER -4) [demonic ancestry]
 10493 | Lair:2   | Reached XP level 12. HP: 85/89 MP: 21/24
 10511 | Lair:2   | Noticed a boulder beetle
 10519 | Lair:2   | Killed a boulder beetle
 10553 | Lair:2   | Identified the +7 battleaxe of Propriety {flame, Int+3}
 11817 | Lair:3   | Found a staircase to the Shoals.
 12131 | Lair:3   | Found a hole to the Spider Nest.
 12147 | Lair:3   | Reached XP level 13. HP: 48/99 MP: 14/25
 12648 | Lair:4   | Found a viscous altar of Jiyva.
 12648 | Lair:4   | Found a staircase to the Slime Pits.
 12806 | Lair:4   | You fall into a shaft and drop 1 floor!
 12806 | Lair:5   | Entered Level 5 of the Lair of Beasts
 13779 | D:6      | Bought a manual of Evocations for 880 gold pieces
 13940 | D:10     | Found a broken altar of Ashenzari.
 14285 | D:10     | Found a blossoming altar of Fedhas.
 14315 | D:10     | Acquired the +1 pair of gloves of Purpose {Str+2}
 14707 | D:10     | Found a staircase to the Orcish Mines.
 14814 | Orc:1    | Entered Level 1 of the Orcish Mines
 14833 | Orc:1    | Paralysed by an orc sorcerer for 3 turns
 15126 | Orc:1    | Found Sixtowk's Distillery.
 15141 | Orc:1    | Bought 2 potions of heal wounds for 170 gold pieces
 15141 | Orc:1    | Bought a potion of curing for 51 gold pieces
 15141 | Orc:1    | Bought a potion of heal wounds for 85 gold pieces
 15377 | Orc:2    | Entered Level 2 of the Orcish Mines
 15382 | Orc:2    | Found a staircase to the Elven Halls.
 15394 | Orc:2    | Found Paci's Jewellery Boutique.
 15603 | Orc:2    | Found Dyj Poi's Armour Emporium.
 15664 | Orc:2    | Noticed Sonja
 15666 | Orc:2    | Killed Sonja
 15980 | Orc:2    | Noticed an orc warlord
 15992 | Orc:2    | Paralysed by an orc sorcerer for 5 turns
 16290 | Orc:2    | Killed an orc warlord
 16493 | Orc:2    | Found Wausar's Antique Armour Emporium.
 16503 | Orc:2    | Found Harchekit's Antique Weapon Shoppe.
 16725 | Orc:2    | Found Rohagepn's Distillery.
 16734 | Orc:2    | Bought a potion of haste for 150 gold pieces
 16734 | Orc:2    | Bought a potion of haste for 150 gold pieces
 16734 | Orc:2    | Bought a potion of might for 60 gold pieces
 16933 | Orc:2    | Reached skill level 10 in Fighting
 17373 | Lair:5   | Reached skill level 10 in Stealth
 17433 | Lair:5   | Gained mutation: A meltable shield of frost defends you.
                  | (SH +4) [demonic ancestry]
 17433 | Lair:5   | Reached XP level 14. HP: 99/110 MP: 20/26
 17979 | Lair:5   | Reached skill level 10 in Dodging
 17982 | Lair:5   | Reached skill level 10 in Armour
 17982 | Lair:5   | Reached skill level 1 in Evocations
 17996 | Lair:5   | Reached ****** piety under Uskayaw
 18235 | Lair:5   | Reached skill level 5 in Evocations
 18990 | Lair:5   | Reached skill level 10 in Evocations
 19886 | D:12     | Noticed Nessos
 19900 | D:12     | Killed Nessos
 20079 | D:12     | Identified the +6 trident of Noon {pain, +Blink Fly}
 21123 | D:13     | Found a gate to the Vaults.
 21203 | D:13     | Gained mutation: Spells you cast may paralyse adjacent
                  | enemies. [demonic ancestry]
 21203 | D:13     | Reached XP level 15. HP: 88/115 MP: 21/27
 21449 | D:13     | Noticed Kirke
 21483 | D:13     | Killed Kirke
 21879 | D:14     | Found a portal to a secret trove of treasure.
 22536 | D:14     | Found a blossoming altar of Fedhas.
 22539 | D:14     | Found a shimmering altar of Xom.
 22539 | D:14     | Found a shimmering altar of Xom.
 22541 | D:14     | Found a sparkling altar of Nemelex Xobeh.
 22541 | D:14     | Found a bloodstained altar of Trog.
 22719 | D:15     | Entered Level 15 of the Dungeon
 22778 | D:15     | Noticed a fire giant
 22778 | D:15     | Found a staircase to the Depths.
 23888 | D:15     | Killed a fire giant
 24423 | Orc:2    | Bought the ring of Impatience {Will+ Str+2 Dex+6} for 844
                  | gold pieces
 24444 | Elf:1    | Entered Level 1 of the Elven Halls
 24698 | Elf:1    | Noticed a Brimstone Fiend
 25206 | Elf:1    | Found a runed translucent gate.
 25206 | Elf:1    | Found a runed translucent gate.
 25207 | Elf:1    | Found a runed translucent gate.
 25207 | Elf:1    | Noticed a rockslime
 25208 | Elf:1    | Noticed a rockslime
 25211 | Elf:1    | Found Ruepues's General Store.
 25229 | Elf:1    | Bought a potion of heal wounds for 50 gold pieces
 25229 | Elf:1    | Bought a potion of curing for 30 gold pieces
 25469 | Elf:1    | Noticed a deep elf sorcerer
 25488 | Elf:1    | Killed a deep elf sorcerer
 25678 | Elf:1    | Noticed an azure jelly
 25683 | Elf:1    | Found a viscous altar of Jiyva.
 25683 | Elf:1    | Noticed SprigganGuy's ghost (adept SpHu)
 25735 | Elf:1    | Found Kihasch's Assorted Antiques.
 25739 | Elf:1    | Bought a scroll labelled ZINUSE VETIHIY for 40 gold pieces
 25739 | Elf:1    | Bought a scroll of blinking for 300 gold pieces
 25739 | Elf:1    | Bought a scroll of teleportation for 120 gold pieces
 25796 | Elf:1    | Paralysed by an air elemental for 1 turns
 26179 | Elf:1    | Gained mutation: A meltable icy envelope protects you from
                  | harm. (AC +8) [demonic ancestry]
 26179 | Elf:1    | Reached XP level 16. HP: 127/127 MP: 28/28
 26198 | Elf:1    | Found Lemezouc's Weapon Boutique.
 26344 | Elf:1    | Found Adoong's General Store.
 26424 | Elf:1    | Bought a potion of curing for 45 gold pieces
 26424 | Elf:1    | Bought a scroll of enchant weapon for 112 gold pieces
 26564 | Elf:1    | Found Lopsiqo's Weapon Shop.
 26571 | Elf:1    | Identified the +6 war axe "Fieffeck" {flame, rN+}
 28645 | Elf:2    | Found a runed translucent gate.
 28645 | Elf:2    | Found a runed translucent gate.
 28645 | Elf:2    | Found a runed translucent gate.
 29158 | Elf:2    | Noticed a deep elf blademaster
 30024 | Elf:2    | Killed a deep elf blademaster
 31385 | Elf:3    | Entered Level 3 of the Elven Halls
 31417 | Elf:3    | Noticed Mara
 31435 | Elf:3    | Noticed jasper's illusion
 31453 | Elf:3    | Killed Mara
 31454 | Elf:3    | Reached XP level 17. HP: 68/138 MP: 15/29
 31642 | Elf:3    | Found Otiunt's Weapon Boutique.
 31703 | Elf:3    | Identified the +4 scale mail "Cipar" {rC+}
 31895 | Elf:3    | Noticed a Hell Sentinel
 32794 | Spider:1 | Entered Level 1 of the Spider Nest
 33972 | Spider:1 | Found a runed translucent gate.
 33973 | Spider:1 | Found a runed translucent gate.
 33974 | Spider:1 | Found a runed translucent gate.
 33975 | Spider:1 | Noticed Jufurghi's ghost (adept OpTm)
 33975 | Spider:1 | Noticed Kilowitz's ghost (journeyman MiFi)
 35822 | Spider:2 | Reached skill level 15 in Fighting
 36916 | Shoals:1 | Entered Level 1 of the Shoals
 37192 | Orc:2    | Bought a ring of flight for 280 gold pieces
 37975 | Shoals:1 | Gained mutation: A meltable icy envelope protects you from
                  | harm. (AC +8) [demonic ancestry]
 37975 | Shoals:1 | Reached XP level 18. HP: 149/149 MP: 30/30
 38195 | Shoals:1 | Learned a level 2 spell: Wereblood
 38416 | Shoals:2 | Reached skill level 15 in Dodging
 38435 | Shoals:2 | Reached skill level 15 in Armour
 38449 | Shoals:2 | Noticed Polyphemus
 38449 | Shoals:2 | Noticed Jorgrun
 38452 | Shoals:2 | Killed Jorgrun
 38461 | Shoals:2 | Killed Polyphemus
 38668 | Shoals:2 | Found Fucosm's Assorted Antiques.
 38690 | Shoals:2 | Bought 3 scrolls of fog for 360 gold pieces
 38690 | Shoals:2 | Bought a scroll of fog for 120 gold pieces
 38690 | Shoals:2 | Bought a blue potion for 27 gold pieces
 38690 | Shoals:2 | Bought a wand of paralysis (6) for 432 gold pieces
 40645 | Shoals:4 | Entered Level 4 of the Shoals
 40675 | Shoals:4 | Found a stormy altar of Qazlal.
 41099 | Shoals:4 | Paralysed by an air elemental for 1 turns
 41417 | Shoals:4 | Identified the +11 spear of Crawling {protect, Str+2}
 41565 | Shoals:4 | Reached skill level 15 in Stealth
 41852 | Shoals:4 | Paralysed by an air elemental for 1 turns
 41965 | Shoals:4 | Got a barnacled rune of Zot
 41967 | Shoals:4 | Identified the staff of earth "Xupyory" {Int+4}
 42081 | Shoals:4 | Paralysed by an air elemental for 1 turns
 42674 | Spider:4 | Entered Level 4 of the Spider Nest
 42676 | Spider:4 | Gained mutation: You punish those that try to bend your
                  | will. (Will+) [demonic ancestry]
 42676 | Spider:4 | Reached XP level 19. HP: 155/155 MP: 31/31
 42688 | Spider:4 | Reached skill level 1 in Transmutations
 42719 | Spider:4 | Found a runed translucent gate.
 42719 | Spider:4 | Found a runed translucent gate.
 42719 | Spider:4 | Found a runed translucent gate.
 42720 | Spider:4 | Noticed AverageBear's ghost (adept OpFi)
 42727 | Spider:4 | Found a frozen archway.
 42736 | IceCv    | Entered an ice cave
 43173 | Spider:4 | Killed AverageBear's ghost
 43590 | Spider:4 | Reached skill level 5 in Transmutations
 43827 | Spider:4 | Noticed Arachne
 44006 | Spider:4 | Killed Arachne
 44247 | Spider:4 | Reached XP level 20. HP: 143/162 MP: 2/32
 44408 | Spider:4 | Got a gossamer rune of Zot
 44927 | D:8      | Killed brknglss's ghost
 45430 | Elf:3    | Identified the amulet of Heusk {Reflect rN+ Str-2 Dex+5
                  | SH+5}
 46109 | Elf:3    | Identified the +0 long sword of Watchfulness {heavy, Will+
                  | rCorr SInv}
 46129 | Elf:3    | Identified the +0 ring mail of the Albatross {+Blink rC+}
 46220 | Elf:3    | Identified the +6 glaive of Huaschina {flame, rF+ Stlth+}
 46220 | Elf:3    | Identified the +1 leather armour of the Comet {rCorr SInv
                  | Stlth-}
 46235 | Elf:3    | Reached skill level 17 in Invocations
 46255 | Elf:3    | Got Sif Muna's Tome of Plutonic Shaping
 46268 | Elf:3    | Found the +3 pair of seven-league boots {Rampage+∞}
 46340 | Elf:3    | Learned a level 2 spell: Passwall
 46344 | Elf:3    | Learned a level 3 spell: Dazzling Flash
 46355 | Elf:3    | Learned a level 7 spell: Malign Gateway
 46649 | Vaults:1 | Entered Level 1 of the Vaults
 46960 | Vaults:1 | Gained mutation: Your movements are significantly less
                  | encumbered by armour. (ER -6) [demonic ancestry]
 46960 | Vaults:1 | Reached XP level 21. HP: 170/170 MP: 33/33
 46962 | Vaults:1 | Reached skill level 18 in Invocations
 47261 | Vaults:1 | Identified the +7 battleaxe "Kicaucw" {holy, *Noise rC+
                  | Str+3 Dex+5}
 47794 | Vaults:1 | Reached skill level 19 in Invocations
 48028 | Vaults:2 | Found Fizoynuk's Weapon Shop.
 48085 | Vaults:2 | Found a magical portal.
 48109 | WizLab   | Entered Eringya's Formal Garden
 48289 | WizLab   | Reached skill level 20 in Invocations
 48337 | WizLab   | Reached skill level 1 in Summonings
 49124 | WizLab   | Found a blossoming altar of Fedhas.
 49614 | Vaults:2 | You fall into a shaft and drop 1 floor!
 49616 | Vaults:3 | Reached skill level 5 in Translocations
 49974 | Vaults:2 | Reached skill level 5 in Summonings
 49996 | Vaults:2 | Learned a level 2 spell: Blink
 50001 | Vaults:2 | Learned a level 4 spell: Manifold Assault
 50347 | Vaults:2 | Identified the staff of poison "Peamm" {rPois rCorr}
 51168 | Vaults:3 | Reached XP level 22. HP: 178/178 MP: 36/36
 51278 | Vaults:3 | Noticed Boris
 51278 | Vaults:3 | Noticed Margery
 51524 | Vaults:3 | Killed Margery
 51640 | Vaults:3 | HP: 5/176 [something/iron shot (38)]
 51853 | Vaults:3 | Killed Boris
 52256 | Vaults:3 | Noticed Frederick
 52267 | Vaults:3 | Killed Frederick
 52499 | Vaults:3 | Found a staircase to the Crypt.
 52499 | Vaults:3 | Found a basalt altar of Yredelemnul.
 52499 | Vaults:3 | Found an ancient bone altar of Kikubaaqudgha.
 52757 | Vaults:4 | Found Ybeihies's Magic Scroll Shoppe.
 52766 | Vaults:4 | Bought a scroll of teleportation for 45 gold pieces
 52766 | Vaults:4 | Bought a scroll of blinking for 112 gold pieces
 52766 | Vaults:4 | Bought a scroll of fear for 60 gold pieces
 52766 | Vaults:4 | Bought a scroll of teleportation for 45 gold pieces
 52766 | Vaults:4 | Bought a scroll of enchant armour for 112 gold pieces
 52838 | Vaults:4 | Reached skill level 10 in Summonings
 53000 | Vaults:4 | Identified the +0 chain mail "Ydyc" {Regen+ Stlth+}
 53287 | Vaults:4 | Reached skill level 10 in Translocations
 54064 | Depths:1 | Entered Level 1 of the Depths
 55204 | Depths:1 | Found a radiant altar of Vehumet.
 55390 | Depths:1 | Found Ocsueg Lubu's Hallowed Reliquary.
 55396 | Depths:1 | Bought a potion of heal wounds for 55 gold pieces
 55396 | Depths:1 | Bought a potion of curing for 33 gold pieces
 55396 | Depths:1 | Bought a potion of heal wounds for 55 gold pieces
 55396 | Depths:1 | Bought a potion of curing for 33 gold pieces
 56035 | Depths:2 | Found a one-way gateway to a ziggurat.
 56085 | Depths:2 | Found a one-way gate leading to the halls of Pandemonium.
 56144 | Depths:2 | Gained mutation: You are resistant to unholy torment.
                  | [demonic ancestry]
 56144 | Depths:2 | Reached XP level 23. HP: 184/184 MP: 37/37
 56587 | Depths:2 | Found a gateway to Hell.
 56700 | Depths:2 | You fall into a shaft and drop 2 floors!
 56700 | Depths:4 | Entered Level 4 of the Depths
 56700 | Depths:4 | Found a shadowy altar of Dithmenos.
 58076 | Depths:3 | Found a one-way gate to the infinite horrors of the Abyss.
 58739 | Depths:4 | Found a gate to the Realm of Zot.
 58886 | Depths:4 | Reached skill level 15 in Summonings
 59882 | Vaults:5 | Entered Level 5 of the Vaults
 59901 | Vaults:5 | Noticed an ancient lich
 60128 | Vaults:4 | HP: 8/184 [ancient lich/crystal spear (94)]
 60154 | Vaults:4 | Killed from afar by an ancient lich

Illustrated notes

Levels and vault maps discovered:
D:1:      scummos_arrival_checkerplants, layout_rooms
D:2:      layout_rooms, uniq_natasha
D:3:      layout_loops_ring, yredelemnul_altar_generic,
          minmay_misc_feat_more_columns, kennysheep_boxes
D:4:      layout_cave_pods, serial_shops, nicolae_shop_statue_plus,
          minmay_quantized
D:5:      layout_loops_corners, nicolae_gozag_cash_rules_everything_around_me,
          hangedman_abyss_or_decor_lesser_grid
D:6:      layout_gridville, temple_statues, nicolae_shop_vocational
D:7:      layout_basic, serial_shops, nicolae_square_shop,
          chequers_serial_rivers_small_a
D:8:      layout_rooms, ebering_ghost_gozag, kennysheep_small_square
D:9:      layout_loops_corners, nicolae_qazlal_style_of_elements,
          nzn_hepliaklqana_mist_gate, nzn_wu_jian_contemplation,
          nrook_mini_vaults
D:10:     layout_roguey, jmf_multi_god_temple, erik_orc_2
D:11:     layout_loops_ring, david_lair_shrubbed, hangedman_weighted_door,
          nemelex_xobeh_ov_fountains_minmay, uniq_lodul
D:12:     layout_stronghold, uniq_nessos
D:13:     layout_irregular_city, erik_vaults_1, uniq_kirke
D:14:     layout_basic, serial_curves, eino_curves_02, eino_curves_01,
          eino_curves_03, doesnt_xom_only_xom, nicolae_trove_entry_isolated,
          hangedman_decor_lopped, minmay_beelzebubs_servants
D:15:     grunt_enter_depths_giant_problem, layout_stronghold,
          nicolae_figureground_sparkle, amcnicky_mini_rare_corridor_liquid,
          nrook_mini_backslash
Temple:   hellmonk_temple_two_chambers
Lair:1:   layout_small_grid
Lair:2:   nzn_winding_woodlands_stair_trap
          [nzn_winding_woodlands_5x15_lazy_stream,
          nzn_winding_woodlands_5x15_cabin, nzn_winding_woodlands_5x15_pockets,
          nzn_winding_woodlands_15x15_five_gardens,
          nzn_winding_woodlands_5x15_concentric,
          nzn_winding_woodlands_5x15_twine,
          nzn_winding_woodlands_5x15_sidewinder], layout_big_grid,
          amcnicky_mini_pool_medium
Lair:3:   layout_regular_city, elwin_shoals_entry_rocks,
          spider_nest_entry_funnel_web, serial_bayou_pond_c, beast_lair_carwin_7
Lair:4:   layout_regular_city, nicolae_slime_entry_field_trip
Lair:5:   hangedman_lair_in_review, layout_concentric_octagons,
          hangedman_lair_caniforms_friends, st_stairs_11, lemuel_fruit_tree,
          lemuel_fruit_fields
Shoals:1: layout_shoals
Shoals:2: layout_shoals, serial_shops, shop, nicolae_shoals_pincushion_passage,
          uniq_jorgrun, uniq_polyphemus
Shoals:3: layout_shoals
Shoals:4: shoals_end_hellmonk_storm_palace [storm_palace_center_square,
          storm_palace_corner_blocked, storm_palace_corner_pillars,
          storm_palace_corner_altar, storm_palace_corner_grid]
Spider:1: layout_chambers, gammafunk_ghost_cemetery
Spider:2: layout_spider_delve
Spider:3: layout_spider_delve
Spider:4: grunt_spider_rune_circles, portal_ice_cave_entry_pillars_three,
          ebering_ghost_rock_garden, uniq_arachne
Orc:1:    layout_caves, serial_shops, shop, kennysheep_orc_chapel
Orc:2:    grunt_orc_community_town_hall, layout_caves,
          grunt_orc_community_big_house_2, grunt_orc_community_big_house_2,
          grunt_orc_community_house_3, grunt_orc_community_house_3,
          grunt_orc_community_house_1, grunt_orc_community_house_3, basic_altar,
          serial_shops, nicolae_shop_stone, abandoned_shop, uniq_sonja
Elf:1:    layout_loops_corners, gammafunk_ghost_ooze, serial_shops, shop,
          nicolae_shop_stone, nicolae_shop_bloodbath_and_beyond,
          nicolae_take_the_stairs, shop, kennysheep_underground_church,
          hangedman_elf_disciples
Elf:2:    elven_hall_of_blades_hangedman_original
          [nicolae_blade_entry_hurt_lockers], layout_loops_ring,
          lemuel_flamethrower_2
Elf:3:    grunt_elf_hall_asides, layout_gridlike, serial_shops, shop_fountains,
          uniq_mara
Vaults:1: nicolae_vaults_asterisk, vaults_standard_mumra_x,
          nicolae_vaults_little_squares_1, ontoclasm_vaults_gateway,
          vaults_room_semicircle, ontoclasm_vaults_hangar,
          hangedman_vaults_pinch, layout_vaults_big_room
Vaults:2: lightli_enter_wizlab_magi_temple, st_quartered_hall, v_pattern_3,
          vaults_room_octagon, nicolae_vaults_little_squares_3,
          ontoclasm_vaults_fault, v_misc_30, v_misc_5, v_misc_26,
          ontoclasm_vaults_chip, layout_vaults_quadrants, serial_shops, shop
Vaults:3: v_misc_33, nicolae_vaults_rhombus_6, vaults_room_hallway,
          nicolae_vaults_ninety_degrees, nicolae_vaults_network_square,
          minmay_crypt_entry_necro_gods,
          vaults_standard_mumra_enter_the_diamond,
          nicolae_vaults_network_quinsquares
          [nicolae_vaults_network_quincunx_subvault,
          nicolae_vaults_network_quincunx_subvault,
          nicolae_vaults_network_quincunx_subvault,
          nicolae_vaults_network_quincunx_subvault],
          vaults_mumra_minichess_inversion, nicolae_vaults_gold_heap, st_lines,
          ontoclasm_vaults_loading_screen, ontoclasm_vaults_decontamination,
          layout_vaults_maze_bifur, uniq_margery, uniq_frederick, uniq_boris
Vaults:4: nicolae_vaults_what_the_h, ontoclasm_vaults_ring_large, v_misc_29,
          ontoclasm_vaults_idyll, grunt_vaults_swirl, v_misc_16, v_misc_27,
          vaults_room_ringed_pool, ontoclasm_vaults_spin, ontoclasm_vaults_echo,
          vaults_mumra_hexcomb, vaults_room_large_hall, v_misc_14,
          layout_vaults_omnibox, serial_shops, shop
Vaults:5: serial_shops
Depths:1: layout_basic, vehumet_crystals, hellmouth_2, nicolae_good_shop,
          firewood_loft
Depths:2: grunt_twist_and_shout, layout_gridlike, enter_ziggurat_c, hell_entry,
          minmay_misc_feat_nine_boxes, grunt_pan_entry_spiral,
          serial_bayou_shore_b
Depths:3: wander_protected_by_tso, layout_basic, hangedman_abyss_entry_splay,
          good_gods_mini_temple, grunt_hell_entry_dis_grunt,
          kennysheep_small_spiral
Depths:4: grunt_crosshair, layout_cave_pools, pf_hell_entry_tar_spiral,
          grunt_dithmenos_smoke, dk_noncrumbling_3

Skill      XL: |  1  2  3  4  5  6  7  8  9 10 11 12 13 14 15 16 17 18 19 20 21 22 23 |
---------------+----------------------------------------------------------------------+-----
Short Blades   | 2 3 4 5 7 8 10 | 10.0
Invocations    | 5 9 13 16 17 20 | 20.0
Armour         | 1 3 4 5 7 9 10 11 13 14 15 | 15.3
Dodging        | 1 3 4 5 7 9 10 11 13 14 15 | 15.3
Shields        | 1 3 4 |  4.0
Fighting       | 2 3 5 6 8 10 12 13 15 16 | 16.0
Stealth        | 3 5 6 8 10 15 16 | 16.1
Evocations     | 13 | 13.4
Transmutations | 8 |  8.1
Summonings     | 8 12 15 | 15.6
Translocations | 7 11 14 | 14.7
Throwing       | |  1.0
Spellcasting   | |  2.0

Action                     |  1- 3 |  4- 6 |  7- 9 | 10-12 | 13-15 | 16-18 | 19-21 | 22-24 || total
---------------------------+-------+-------+-------+-------+-------+-------+-------+-------++-------
  Melee: Short sword       |    85 |   117 |   347 |   521 |  1435 |  1145 |       |       ||  3650
         Punch             |     1 |     2 |       |       |       |       |       |       ||     3
         Kick              |    13 |    32 |   115 |   165 |   578 |   899 |   747 |   998 ||  3547
         Quick blade       |       |       |       |       |       |   826 |  1482 |  1680 ||  3988
  Throw: Stone             |     5 |     4 |     1 |     5 |    17 |    15 |       |       ||    47
         Dart              |       |       |       |       |       |     1 |       |       ||     1
         Javelin           |       |       |       |       |       |       |     2 |     1 ||     3
   Cast: Wereblood         |       |       |       |       |       |       |     5 |    35 ||    40
         Manifold Assault  |       |       |       |       |       |       |       |     1 ||     1
 Invoke: Stomp             |       |       |     2 |       |    30 |    28 |     4 |     7 ||    71
         Grand Finale      |       |       |       |     1 |     4 |     4 |    10 |     8 ||    27
         Line Pass         |       |       |       |       |     2 |     3 |       |       ||     5
  Evoke: Wand              |       |       |     1 |    12 |    12 |    13 |     5 |     1 ||    44
         Condenser vane    |       |       |       |     1 |     4 |     4 |     1 |     6 ||    16
         Box of beasts     |       |       |       |     1 |     1 |     2 |     1 |     2 ||     7
         Lightning rod     |       |       |       |       |    11 |     7 |       |     6 ||    24
         Tin of tremorston |       |       |       |       |       |       |       |     6 ||     6
    Use: Scroll            |     8 |     6 |       |     7 |    11 |    15 |     2 |    12 ||    61
         Potion            |       |       |     3 |       |     1 |    13 |     2 |     9 ||    28
   Stab: Sleeping          |       |     2 |     5 |    21 |    34 |    56 |    68 |    34 ||   220
         Paralysed         |       |       |    18 |    53 |   114 |   123 |   110 |   124 ||   542
         Distracted        |       |       |       |       |     9 |     7 |     2 |     8 ||    26
         Petrified         |       |       |       |       |     1 |     3 |       |       ||     4
         Petrifying        |       |       |       |       |     1 |       |       |       ||     1
         Confused          |       |       |       |       |       |     2 |       |       ||     2
 Armour: Robe              |    13 |       |       |       |       |       |       |       ||    13
         Ring mail         |    22 |    45 |    65 |    66 |    11 |       |       |       ||   209
         Plate armour      |       |       |       |       |   243 |       |       |       ||   243
         Scale mail        |       |       |       |       |   103 |   306 |   177 |   149 ||   735
         Ice dragon scales |       |       |       |       |       |       |       |    79 ||    79
  Dodge: Dodged            |    60 |    42 |    78 |   200 |   553 |   923 |   509 |   585 ||  2950
  Block: Buckler           |       |    14 |    39 |   101 |   383 |   624 |   373 |   321 ||  1855

Table legend: (Time is in decaauts)
 A = Elapsed time spent in this place.
 B = Non-inter-level travel time spent in this place.
 C = Inter-level travel time spent in this place.
 D = Time resting spent in this place.
 E = Time spent auto-exploring this place.
 F = Levels seen in this place.
 G = Mean time per level.
                   A        B        C        D        E       F      G
               +--------+--------+--------+--------+--------+-----+--------+
         Total |  56076 |  50553 |   5523 |   6996 |  32164 |  45 | 1246.1 |
       Dungeon |  15723 |  13414 |   2309 |    433 |   9822 |  15 | 1048.2 |
        Temple |     21 |     21 |      0 |      0 |      0 |   1 |   21.0 |
          Lair |   7016 |   5963 |   1053 |     32 |   4805 |   5 | 1403.2 |
        Shoals |   4690 |   4417 |    273 |    324 |   3201 |   4 | 1172.5 |
   Spider Nest |   5426 |   5103 |    323 |   1067 |   2795 |   4 | 1356.5 |
  Orcish Mines |   2703 |   2395 |    308 |    659 |   1266 |   2 | 1351.5 |
   Elven Halls |   8584 |   8072 |    512 |   3281 |   2889 |   3 | 2861.3 |
        Vaults |   5926 |   5395 |    531 |    548 |   3679 |   5 | 1185.2 |
        Depths |   4877 |   4667 |    210 |    480 |   3218 |   4 | 1219.2 |
      Ice Cave |    147 |    147 |      0 |      0 |      0 |   1 |  147.0 |
        Wizlab |    959 |    959 |      0 |    171 |    488 |   1 |  959.0 |
               +--------+--------+--------+--------+--------+-----+--------+

Top non-repeatable levels by time:
   Elf:2: 3777 daAuts
   Elf:1: 2663 daAuts
Spider:1: 2240 daAuts
  Lair:5: 2176 daAuts
   Elf:3: 2143 daAuts
Vaults:3: 1947 daAuts
   Orc:2: 1904 daAuts
Depths:3: 1732 daAuts
    D:10: 1703 daAuts
    D:11: 1671 daAuts
Shoals:4: 1565 daAuts
Spider:4: 1515 daAuts
Vaults:2: 1430 daAuts
    D:15: 1420 daAuts
Shoals:2: 1393 daAuts
